 Dungeon Crawl Stone Soup version 0.28-a0-1545-g945cd3f (webtiles) character file.

Game seed: 7636412205701970444

44 Illumine the Chopper (level 3, 5/31 HPs)
             Began as a Hill Orc Gladiator on Jan 18, 2022.
             Quit the game on level 2 of the Dungeon.
             The game lasted 00:01:32 (777 turns).

Illumine the Chopper (Hill Orc Gladiator)            Turns: 777, Time: 00:01:33

Health: 5/31       AC:  4    Str: 18    XL:     3   Next: 62%
Magic:  3/3        EV:  9    Int:  8    God:
Gold:   42         SH:  0    Dex: 12    Spells: 2/2 levels left

rFire   . . .      SeeInvis .   a - +0 war axe
rCold   . . .      Faith    .   (no shield)
rNeg    . . .      Spirit   .   b - +0 leather armour
rPois   .          Reflect  .   c - +0 helmet
rElec   .          Harm     .   (no cloak)
rCorr   .          Rampage  .   (no gloves)
Will    .....                   (no boots)
Stlth   +.........              (no amulet)
HPRegen 0.10/turn               (no ring)
MPRegen 0.08/turn               (no ring)

@: lethally poisoned (5 -> -2), constricted
A: no striking features
a: no special abilities


You were on level 2 of the Dungeon.
You visited 1 branch of the dungeon, and saw 2 of its levels.

You collected 42 gold pieces.

Inventory:

Hand Weapons
 a - a +0 war axe (weapon)
Missiles
 d - 2 throwing nets (quivered)
 e - 26 stones
Armour
 b - a +0 leather armour (worn)
 c - a +0 helmet (worn)
Scrolls
 f - a scroll of teleportation {unknown}
 g - a scroll of enchant weapon {unknown}


   Skills:
 + Level 3.3 Fighting
 * Level 5.4 Axes
 - Level 1.7 Throwing
 - Level 2.4 Dodging


You had 2 spell levels left.
You didn't know any spells.
Your spell library was empty.

Dungeon Overview and Level Annotations

Branches:
Dungeon (2/15)

Altars:


Message History

The adder is severely wounded.
You feel sick. The adder closely misses you.
You barely miss the adder.
The adder is severely wounded.
You feel sick. The adder misses you. The adder barely misses you.
You closely miss the adder.
The adder is severely wounded.
You feel sick. The adder bites you.
You are more poisoned.
The adder poisons you!
Throw: 3 throwing nets
Press: ? - help, Q - select action, (/) - cycle Shift-Dir - straight line, f - adder
Aim: an adder (severely wounded, 38% to hit)
You throw a throwing net. The throwing net hits the adder.
The adder is caught in the net!
The adder is severely wounded.
You feel sick.
The adder struggles against the net. x2
You hit the adder.
The adder is almost dead.
You feel sick.
The adder struggles against the net.
The endoplasm jiggles.
You barely miss the adder.
The adder is almost dead.
You feel sick.
The adder struggles against the net.
The net rips apart, and the adder comes free!
The adder bites you.
* * * LOW HITPOINT WARNING * * *
You are lethally poisoned!
The adder poisons you!
You slash the adder!
You kill the adder!
* * * LOW HITPOINT WARNING * * *
You feel sick. The ball python bites you.
* * * LOW HITPOINT WARNING * * *
The ball python grabs you. The ball python constricts you.
Unknown command.
You aren't carrying any potions.
Save game and exit?
Okay, then.
Are you sure you want to abandon this character and quit the game? (Confirm with "yes".)

####### ### #.....#
....### #.....#
.......####.....######
......JS@............#
.......####.....####.#
....... #.....# #.#
......) ####### #.#
####### #.# #.####
#.##.. #.##.# #.##.#


You could see an endoplasm and a ball python.

Vanquished Creatures
  An adder (D:2)
  A dart slug (D:1)
  3 ball pythons
  3 bats (D:1)
  4 giant cockroaches
  4 goblins (D:1)
  5 hobgoblins (D:1)
  A quokka (D:1)
  4 kobolds (D:1)
  3 rats
29 creatures vanquished.

Vanquished Creatures (others)
  A fungus (D:1)
1 creature vanquished.

Grand Total: 30 creatures vanquished

Notes
Turn   | Place    | Note
-------+----------+-------------------------------------------
     0 | D:1      | Illumine the Hill Orc Gladiator began the quest for the
                  | Orb.
     0 | D:1      | Reached XP level 1. HP: 18/18 MP: 1/1
   143 | D:1      | Reached XP level 2. HP: 25/25 MP: 2/2
   162 | D:1      | Found a faded altar of an unknown god.
   436 | D:1      | Reached skill level 5 in Axes
   496 | D:1      | Reached XP level 3. HP: 31/31 MP: 3/3
   777 | D:2      | Quit the game

Illustrated notes

Levels and vault maps discovered:
D:1:      saegor_arrival_simple_c, layout_basic,
          shapermc_ecumenical_altar_mp_urbaneastern
D:2:      layout_basic

Skill      XL: |  1  2 |
---------------+-------+-----
Fighting       | 3 |  3.3
Axes           | 5 |  5.4
Throwing       | |  1.7
Dodging        | |  2.4

Action                   || total
-------------------------++-------
Melee: War axe           ||    59
Throw: Throwing net      ||     1
Armor: Leather armour    ||    17
Dodge: Dodged            ||    38

Table legend: (Time is in decaauts)
 A = Elapsed time spent in this place.
 B = Non-inter-level travel time spent in this place.
 C = Inter-level travel time spent in this place.
 D = Time resting spent in this place.
 E = Time spent auto-exploring this place.
 F = Levels seen in this place.
 G = Mean time per level.
                   A        B        C        D        E       F      G
               +--------+--------+--------+--------+--------+-----+--------+
         Total |    792 |    783 |      9 |     10 |    589 |   2 |  396.0 |
       Dungeon |    792 |    783 |      9 |     10 |    589 |   2 |  396.0 |
               +--------+--------+--------+--------+--------+-----+--------+

Top non-repeatable levels by time:
     D:1: 632 daAuts
     D:2: 159 daAuts
